 Dungeon Crawl Stone Soup version 0.31-a0-532-g28f74ba3e5 (webtiles) character file.

Game seed: 10457830136942728135

371 avis the Cleaver (level 6, 0/52 HPs)
             Began as a Hill Orc Monk on Aug 12, 2023.
             Slain by Edmund
             ... wielding a +5 flail of venom
              (4 damage)
             ... on level 4 of the Dungeon.
             The game lasted 00:17:43 (3846 turns).

avis the Cleaver (Hill Orc Monk)                    Turns: 3846, Time: 00:17:43

Health: 0/52       AC:  5    Str: 14 (16) XL:     6   Next: 71%
Magic:  6/6        EV: 11    Int:  7 (10) God:
Gold:   108        SH:  0    Dex: 12 (13) Spells: 5/5 levels left

rFire   + . .        a - +0 hand axe
rCold   + . .        d - orb {light}
rNeg    . . .        h - +0 ring mail
rPois   +            (no helmet)
rElec   +            (no cloak)
rCorr   +            (no gloves)
SInv    .            (no boots)
Will    .....        (no amulet) Stlth
                     (no ring)
HPRegen 0.28/turn    (no ring)
MPRegen 0.10/turn

%: no passive effects
@: confused, brilliant, lethally poisoned (0 -> -12), resistant, ambrosia-drunk,
glowing
A: no striking features
a: no special abilities


You were on level 4 of the Dungeon.
You visited 1 branch of the dungeon, and saw 4 of its levels.

You collected 108 gold pieces.

Inventory:

Hand Weapons
 a - a +0 hand axe (weapon)
 f - a +0 short sword of speed
 k - a +0 spear
 m - a +0 spear
 x - a +0 shortbow
Missiles
 w - 3 javelins
 A - 5 poisoned darts (quivered)
Armour
 b - a +0 robe
 d - an orb of light (worn)
 h - a +0 ring mail (worn)
Jewellery
 e - an amulet of faith
Talismans
 n - a flux talisman
 z - a flux talisman
Wands
 v - a wand of flame (27)
Scrolls
 i - 2 scrolls of teleportation {unknown}
 l - 2 scrolls of fog {unknown}
 o - 2 scrolls of vulnerability {unknown}
 q - a scroll of noise {unknown}
 r - a scroll of summoning {unknown}
 s - a scroll of fear {unknown}
 t - 2 scrolls of identify {unknown}
 y - a scroll of amnesia {unknown}
 B - a scroll of revelation {unknown}
Potions
 u - a potion of resistance


   Skills:
 + Level 4.0 Fighting
 * Level 8.6 Axes
 - Level 3.0 Armour
 - Level 2.4 Dodging


You had 5 spell levels left.
You didn't know any spells.
Your spell library contained the following spells:

 Spells                   Type           Power      Damage    Failure   Level
 Summon Small Mammal      Summ           0%         N/A       67%         1
 Call Canine Familiar     Summ           0%         N/A       95%         3
 Summon Guardian Golem    Hex/Summ       0%         N/A       95%         3


Dungeon Overview and Level Annotations

Branches:
Dungeon (4/15)
 Temple: D:4-7

Altars:

Annotations:
D:2 1 runed translucent door, exclusion: door, Crazy Yiuf
D:4 Edmund


Message History

* * * LOW HITPOINT WARNING * * *
You are more poisoned.
It was a potion of heal wounds.
You feel much better.
You feel extremely sick.
Edmund hits you with a +5 flail of venom!
You are more poisoned.
It was a potion of resistance.
You feel protected.
* * * LOW HITPOINT WARNING * * *
You feel extremely sick. Edmund closely misses you.
You feel much better.
You feel extremely sick.
Edmund hits you with a +5 flail of venom!
You're too confused to attack without stumbling around!
You are too confused!
You feel extremely sick.
Edmund says, "I'm quite good with sums, too."
Edmund hits you with a +5 flail of venom!
* * * LOW HITPOINT WARNING * * *
You're too confused to attack without stumbling around!
You barely miss Edmund.
Edmund is moderately wounded.
* * * LOW HITPOINT WARNING * * *
You feel very sick.
Edmund looks more healthy.
Edmund hits you with a +5 flail of venom.
* * * LOW HITPOINT WARNING * * *
It was a potion of degeneration.
There was something very wrong with that liquid.
You feel weakened.
You feel dopey.
You feel clumsy.
* * * LOW HITPOINT WARNING * * *
You feel very sick. Edmund closely misses you.
It was a potion of brilliance.
You feel clever all of a sudden.
* * * LOW HITPOINT WARNING * * *
You feel very sick.
Edmund hits you with a +5 flail of venom.
You die...

................ ..#
..#............## ....#
......##........# .....
.......#........# .....
...###..........##.....
...##..#.#.........# ..
...###.###........##..#
...##..###..###.@(.(.(#
..##...#.#..# ##@#...##
.####.......## ### ..#
.# #.....##..# ## ##
##.....#.## ####.....#
##....## ##....# ##...#
#..##


You could see Edmund.

Vanquished Creatures
  Eustachio (D:4)
  A hound (D:4)
  An iguana (D:4)
  12 adders
  An ufetubus (D:4)
  3 worms
  2 dart slugs
  5 bats
  8 endoplasms
  A giant cockroach (D:3)
  5 hobgoblins
  5 jackals (D:4)
  5 kobolds
  A quokka (D:3)
  8 ball pythons
  4 frilled lizards
  5 goblins
  5 rats
73 creatures vanquished.

Notes
Turn   | Place    | Note
-------+----------+-------------------------------------------
     0 | D:1      | avis the Hill Orc Monk began the quest for the Orb.
     0 | D:1      | Reached XP level 1. HP: 19/19 MP: 1/1
   175 | D:1      | Reached XP level 2. HP: 27/27 MP: 2/2
   953 | D:1      | Found a faded altar of an unknown god.
  1185 | D:2      | Reached skill level 5 in Axes
  1205 | D:2      | Reached XP level 3. HP: 33/33 MP: 3/3
  1651 | D:2      | You fall into a shaft and drop 2 floors!
  1676 | D:4      | Reached skill level 1 in Armour
  1755 | D:4      | Reached XP level 4. HP: 39/40 MP: 4/4
  1887 | D:3      | Reached skill level 6 in Axes
  2346 | D:2      | Found a runed translucent door.
  2347 | D:2      | Noticed Crazy Yiuf
  2708 | D:3      | Reached XP level 5. HP: 46/46 MP: 5/5
  3049 | D:4      | Reached skill level 7 in Axes
  3459 | D:4      | Reached XP level 6. HP: 37/52 MP: 6/6
  3479 | D:4      | Noticed Eustachio
  3504 | D:4      | Killed Eustachio
  3505 | D:4      | Reached skill level 8 in Axes
  3831 | D:4      | Noticed Edmund
  3839 | D:4      | HP: 1/52 [Edmund/+5 flail of venom (7)]
  3844 | D:4      | HP: 2/52 [Edmund/+5 flail of venom (5)]
  3846 | D:4      | Slain by Edmund

Illustrated notes

Levels and vault maps discovered:
D:1:      amcnicky_arrival_choice, layout_loops_ring,
          shapermc_ecumenical_altar_acropolis
D:2:      layout_loops_corners, fountainhead, uniq_crazy_yiuf_cottage
D:3:      layout_basic
D:4:      layout_cave_pools, uniq_eustachio, uniq_edmund

Skill      XL: |  1  2  3  4  5  6 |
---------------+-------------------+-----
Fighting       | 4 |  4.0
Axes           | 5 6 7 8 |  8.6
Armour         | 1 2 3 |  3.0
Dodging        | |  2.4

Action                     |  1- 3 |  4- 6 || total
---------------------------+-------+-------++-------
  Melee: Hand axe          |    97 |   145 ||   242
  Throw: Dart              |       |    11 ||    11
         Javelin           |       |     3 ||     3
    Use: Potion            |       |     6 ||     6
 Armour: Robe              |     5 |       ||     5
         Ring mail         |    19 |    49 ||    68
  Dodge: Dodged            |    45 |    89 ||   134

Table legend: (Time is in decaauts)
 A = Elapsed time spent in this place.
 B = Non-inter-level travel time spent in this place.
 C = Inter-level travel time spent in this place.
 D = Time resting spent in this place.
 E = Time spent auto-exploring this place.
 F = Levels seen in this place.
 G = Mean time per level.
                   A        B        C        D        E       F      G
               +--------+--------+--------+--------+--------+-----+--------+
         Total |   3852 |   3413 |    439 |    412 |   2025 |   4 |  963.0 |
       Dungeon |   3852 |   3413 |    439 |    412 |   2025 |   4 |  963.0 |
               +--------+--------+--------+--------+--------+-----+--------+

Top non-repeatable levels by time:
     D:1: 1121 daAuts
     D:2: 1102 daAuts
     D:3: 1024 daAuts
     D:4: 604 daAuts
